 Dungeon Crawl Stone Soup version 0.23-a0-550-g7de1f8e (webtiles) character file.

44 RoseArtemis the Skirmisher (level 3, 0/33 HPs)
             Began as a Minotaur Fighter on Dec 8, 2018.
             Slain by a gnoll (4 damage)
             ... on level 2 of the Dungeon.
             The game lasted 00:01:30 (1113 turns).

RoseArtemis the Skirmisher (Minotaur Fighter)       Turns: 1113, Time: 00:01:31

Health: 0/33       AC:  7    Str: 20    XL:     3   Next: 41%
Magic:  2/2        EV:  7    Int:  6    God:
Gold:   38         SH:  9    Dex:  9    Spells: 2/2 levels left

rFire    . . .     SeeInvis .   a - +0 war axe
rCold    . . .     Gourm    .   c - +0 shield
rNeg     . . .     Faith    .   b - +0 scale mail
rPois    .         Spirit   .   (helmet restricted)
rElec    .         Reflect  .   (no cloak)
rCorr    .         Harm     .   (no gloves)
MR       .....                  (no boots)
Stlth    ..........             (no amulet)
HPRegen  0.11/turn              (no ring)
MPRegen  0.08/turn              (no ring)

@: no status effects
A: retaliatory headbutt, horns 2
a: no special abilities


You were on level 2 of the Dungeon.
You were not hungry.

You visited 1 branch of the dungeon, and saw 2 of its levels.

You collected 38 gold pieces.

Inventory:

Hand Weapons
 a - a +0 war axe (weapon)
Missiles
 n - a throwing net (quivered)
Armour
 b - a +0 scale mail (worn)
 c - a +0 shield (worn)
Jewellery
 i - an uncursed ring of magical power {unknown}
Scrolls
 e - a scroll of remove curse {unknown}
 j - a scroll of teleportation {unknown}
 l - a scroll of blinking {unknown}
 m - a scroll of noise {unknown}
Potions
 d - a potion of might
 g - a potion of flight
 h - a potion of invisibility {unknown}
Comestibles
 f - a ration
 k - a chunk of flesh


   Skills:
 + Level 4.0 Fighting
 * Level 3.5 Axes
 + Level 4.0 Armour
 + Level 4.0 Shields


You had 2 spell levels left.
You didn't know any spells.
Your spell library was empty.

Dungeon Overview and Level Annotations

Branches:
Dungeon (2/15)

Altars:
Makhleb


Innate Abilities, Weirdness & Mutations

You reflexively headbutt those who attack you in melee.
You have a pair of horns on your head.


Message History

You closely miss the gnoll.
The gnoll hits you from afar with a +0 spear.
You block the gnoll's attack.
You barely miss the gnoll. You hit the gnoll. The gnoll barely misses you. x2
You block the gnoll's attack. The gnoll hits you.
* * * LOW HITPOINT WARNING * * *
The gnoll barely misses you.
You hit the gnoll but do no damage. You headbutt the gnoll!
You slash the gnoll! The gnoll hits you.
* * * LOW HITPOINT WARNING * * *
You block the gnoll's attack.
The gnoll hits you but does no damage. x2
You hit the gnoll but do no damage. You barely miss the gnoll.
The gnoll hits you!
* * * LOW HITPOINT WARNING * * *
You block the gnoll's attack. The gnoll hits you.
* * * LOW HITPOINT WARNING * * *
You closely miss the gnoll. You completely miss the gnoll.
You block the gnoll's attack. The gnoll hits you but does no damage.
The gnoll hits you.
You die...

.###..... ######## ........#
########......# .###.####
#####.....##.####.# ..#
##...#.#.....## ### .##
#.#.#..#.#.### .##
#........#.# ..#
##.#.#..###.# ..#
#.......###.# ..# ###
#)##.#@g....# ..#
##.####.##.#g########
..###..........g.#..ยง..โ‰ˆ#
.......####.#...>#g....โ‰ˆโ‰ˆ
.......# #.#......g...#
.......# #......#.....#
..###### #####.##.....# ..#
...# .##### ..# ..... ..


You could see 3 gnolls.

Vanquished Creatures
  A gnoll (D:2)
  A worm (D:2)
  A leopard gecko (D:1)
  2 bats (D:1)
  A giant cockroach (D:1)
  5 goblins (D:1)
  7 hobgoblins (D:1)
  2 jackals (D:1)
  3 kobolds (D:1)
  6 rats
29 creatures vanquished.

Notes
Turn   | Place    | Note
-------+----------+-------------------------------------------
     0 | D:1      | RoseArtemis the Minotaur Fighter began the quest for the
                  | Orb.
     0 | D:1      | Reached XP level 1. HP: 19/19 MP: 0/0
   140 | D:1      | Reached XP level 2. HP: 17/27 MP: 1/1
   755 | D:1      | Reached XP level 3. HP: 31/33 MP: 2/2
   948 | D:2      | Found a burning altar of Makhleb.
  1113 | D:2      | Slain by a gnoll

Vault maps used:
D:1:      psy_arrival_spokes
D:2:      lemuel_coloured_pillars_altar, old_standard_altar,
          lightli_temple_of_fire

Skill      XL: |  1  2  3 |
---------------+----------+-----
Axes           | 3 |  3.5
Fighting       | 4 |  4.0
Armour         | 4 |  4.0
Shields        | 4 |  4.0

Action                   || total
-------------------------++-------
Melee: War axe           ||    92
       Headbutt          ||     9
  Use: Scroll            ||     2
  Eat: Chunk             ||     1
Armor: Scale mail        ||    32
Dodge: Dodged            ||    25
Block: Shield            ||    59

Table legend:
 A = Non-vault XP
 B = Vault XP
 C = Vault XP percentage of total XP
 D = Non-vault monster count
 E = Vault monster count
 F = Vault count percentage of total count
                 A         B        C        D         E       F
            +---------+---------+-------+---------+---------+-------
      Total |      64 |       0 |   0.0 |      29 |       0 |   0.0
            +---------+---------+-------+---------+---------+-------
        D:1 |      44 |       0 |   0.0 |      26 |       0 |   0.0
        D:2 |      20 |       0 |   0.0 |       3 |       0 |   0.0
            +---------+---------+-------+---------+---------+-------
